 Dungeon Crawl Stone Soup version 0.29.0-4-gdea44cf6ec (webtiles) character file.

Game seed: 2965772393597379178

1731 qw the Cleaver (level 9, -5/55 HPs)
             Began as a Gargoyle Fighter on Sept 9, 2022.
             Slain by a manticore (16 damage)
             ... on level 6 of the Dungeon.
             The game lasted 00:02:42 (7397 turns).

qw the Cleaver (Gargoyle Fighter)                   Turns: 7397, Time: 00:02:42

Health: -5/55      AC: 18    Str: 25    XL:     9   Next: 5%
Magic:  0/9        EV:  8    Int:  8    God:
Gold:   288        SH:  4    Dex:  9    Spells: 8/8 levels left

rFire   . . .      SeeInvis .   Y - +2 war axe
rCold   . . .      Faith    .   c - +0 buckler
rNeg    + . .      Spirit   +   m - +0 chain mail
rPois   inf        Reflect  .   (no helmet)
rElec   +          Harm     .   (no cloak)
rCorr   .          Rampage  .   (no gloves)
Will    .....                   k - +1 pair of boots
Stlth   ..........              o - amulet of guardian spirit
HPRegen 0.18/turn               (no ring)
MPRegen 0.11/turn               (no ring)

@: no status effects
A: sickness immunity, AC +6, negative energy resistance 1, electricity
resistance, torment resistance 1, petrification resistance
a: no special abilities


You were on level 6 of the Dungeon.
You visited 2 branches of the dungeon, and saw 7 of its levels.

You collected 288 gold pieces.


Innate Abilities, Weirdness & Mutations

You are immune to sickness and miasma.
Your stone body is resilient. (AC +6)
You are immune to poison.
You resist negative energy. (rN+)
You are resistant to electric shocks. (rElec)
You are resistant to unholy torment.
You are immune to petrification.


   Skills:
 - Level 6.1 Fighting
 + Level 8.9 Axes
 - Level 4.0 Armour
 - Level 2.2 Dodging
 - Level 3.2 Shields


You had 8 spell levels left.
You didn't know any spells.
Your spell library was empty.

Inventory:

Hand Weapons
 j - a +0 whip
 Y - a +2 war axe (weapon)
Armour
 a - a scarf of harm
 c - a +0 buckler (worn)
 k - a +1 pair of boots (worn)
 m - a +0 chain mail (worn)
Jewellery
 o - an amulet of guardian spirit (around neck)
Scrolls
 b - 2 scrolls of vulnerability {unknown}
 e - 2 scrolls of identify
Potions
 d - a potion of might
 f - a potion of curing {unknown}
 g - a potion of flight {unknown}
 h - a potion of resistance
 l - 3 potions of cancellation

Dungeon Overview and Level Annotations

Branches:
Dungeon (6/15)             Temple (1/1) D:4

Altars:
Cheibriados
Dithmenos
Elyvilon
Fedhas
Gozag
Hepliaklqana
Makhleb
Qazlal
Ru
Sif Muna
Trog
Uskayaw
Wu Jian
Zin

Shops:
D:1 [   D:5 =

Portals:
Abyss: D:5

Annotations:
D:5 2 transporters, qw's ghost, amateur GrFi


Message History

You feel stronger. x2
An orc zombie comes into view.
You completely miss the orc zombie. You block the orc zombie's attack.
You hit the orc zombie.
The orc zombie is severely damaged.
The orc zombie hits you but does no damage.
You barely miss the orc zombie.
The orc zombie is severely damaged.
The orc zombie hits you but does no damage.
You slice the orc zombie!!
You destroy the orc zombie!
A jelly comes into view.
Found a ring mail.
The jelly quivers.
Enter note:
Enter note:
7388 ||| Stepping ~*~*~tactically~*~*~ (stealth).
You slash the jelly!
You kill the jelly!
A manticore is nearby!
You slash the manticore!
The manticore is moderately wounded.
The manticore bites you but does no damage.
The manticore claws you! The manticore claws you.
You hit the manticore.
The manticore is moderately wounded.
The manticore bites you!
The manticore claws you but does no damage. x2
The manticore bites you! The manticore claws you.
The manticore completely misses you.
You hit the manticore but do no damage.
The manticore is moderately wounded.
The manticore bites you!
The manticore claws you but does no damage.
The manticore closely misses you.
You slash the manticore!
The manticore is heavily wounded.
The manticore bites you!
You die...

.........#######...
#####.............#
#....######..#
####.#...## #..#
..........##..#
..##.#...##..# .
#.##.##..# #...##. #
#.#..# #..... #..@##
#....# #'.H.# #....
#...#..# #.#.## #
#.....#..# #.#..#.#
#..........#
#......###............#
.........'.............#
###.H.####..[...........
#..##


You could see a manticore.

Vanquished Creatures
  Menkaure (D:4)
  An ice beast (D:6)
  3 ogres
  A centaur (D:6)
  A phantom (D:6)
  A kobold brigand (D:4)
  2 necrophages (D:6)
  4 scorpions
  A howler monkey (D:2)
  5 hounds
  2 jellies
  An orc priest (D:5)
  3 iguanas
  4 orc wizards
  3 gnolls (D:6)
  10 adders
  2 worms
  6 dart slugs
  16 orcs
  4 bats
  8 endoplasms
  4 giant cockroaches
  4 goblins
  8 hobgoblins
  2 jackals (D:5)
  7 kobolds
  7 quokkas
  7 ball pythons
  5 frilled lizards
  An orc zombie (D:6)
  5 rats
129 creatures vanquished.

Notes
Turn   | Place    | Note
-------+----------+-------------------------------------------
     0 | D:1      | qw the Gargoyle Fighter began the quest for the Orb.
     0 | D:1      | Reached XP level 1. HP: 14/14 MP: 1/1
     0 | D:1      | 0 ||| qw: Version: 0.1-a-113-g051387a
     0 | D:1      | 0 ||| qw: Game counter: 7076
     0 | D:1      | 0 ||| qw: Always use a shield: true
     0 | D:1      | 0 ||| qw: God list: Okawaru
     0 | D:1      | 0 ||| qw: Allow faded altars: false
     0 | D:1      | 0 ||| qw: Do Orc after D:15 true
     0 | D:1      | 0 ||| qw: Do second Lair branch before Depths: true
     0 | D:1      | 0 ||| qw: Lair rune preference: random
     0 | D:1      | 0 ||| qw: Plans: Normal, Zot, God:TSO, Crypt, Tomb, Zig,
                  | Orb
     0 | D:1      | 0 ||| PLANNING D:1-11
    40 | D:1      | Reached skill level 2 in Axes
   109 | D:1      | Reached XP level 2. HP: 19/19 MP: 2/2
   375 | D:1      | 375 ||| Stepping ~*~*~tactically~*~*~ (hiding).
   376 | D:1      | 376 ||| Stepping ~*~*~tactically~*~*~ (hiding).
   377 | D:1      | 377 ||| Stepping ~*~*~tactically~*~*~ (hiding).
   443 | D:1      | Reached skill level 3 in Axes
   562 | D:1      | Reached XP level 3. HP: 23/23 MP: 3/3
   656 | D:1      | 656 ||| DROPPING +0 club.
  1040 | D:1      | Found a faded altar of an unknown god.
  1043 | D:1      | Found Loec's Antique Armour Shop.
  1050 | D:1      | 1050 ||| SHOPLISTING +18 shield of the Gong {rElec rN+
                  | Will+ EV-5} (2237 gold, have 31).
  1050 | D:1      | 1050 ||| SHOPLISTING glowing leather armour (115 gold, have
                  | 31).
  1050 | D:1      | 1050 ||| SHOPLISTING translucent leather armour (161 gold,
                  | have 31).
  1230 | D:1      | 1230 ||| DROPPING ring of wizardry.
  1231 | D:1      | 1231 ||| READING scroll labelled TOETIPL ZEGILIH.
  1232 | D:1      | 1232 ||| READING scroll labelled QUSSUEWOUS.
  1298 | D:2      | Reached XP level 4. HP: 28/28 MP: 4/4
  1308 | D:2      | 1308 ||| Stepping ~*~*~tactically~*~*~ (stealth).
  1311 | D:2      | 1311 ||| Stepping ~*~*~tactically~*~*~ (stealth).
  1465 | D:2      | Reached skill level 4 in Axes
  1499 | D:2      | Found a white marble altar of Elyvilon.
  1943 | D:2      | 1943 ||| Stepping ~*~*~tactically~*~*~ (stealth).
  1945 | D:2      | 1945 ||| Stepping ~*~*~tactically~*~*~ (hiding).
  1947 | D:2      | 1947 ||| Stepping ~*~*~tactically~*~*~ (hiding).
  2327 | D:2      | 2327 ||| READING scroll labelled GEAXOSASHROGET.
  2328 | D:2      | 2328 ||| DRINKING 2 glowing white potions.
  2606 | D:3      | 2606 ||| Stepping ~*~*~tactically~*~*~ (stealth).
  2652 | D:3      | Reached XP level 5. HP: 32/32 MP: 5/5
  2676 | D:3      | 2676 ||| Stepping ~*~*~tactically~*~*~ (stealth).
  2682 | D:3      | 2682 ||| Stepping ~*~*~tactically~*~*~ (stealth).
  2684 | D:3      | 2684 ||| Stepping ~*~*~tactically~*~*~ (stealth).
  2687 | D:3      | 2687 ||| Stepping ~*~*~tactically~*~*~ (stealth).
  2689 | D:3      | 2689 ||| FLEEEEING.
  2690 | D:3      | 2690 ||| STAIRDANCE
  2732 | D:2      | 2732 ||| READING 2 scrolls labelled QUJORE MOVEUV.
  2735 | D:3      | 2735 ||| STAIRDANCE
  2747 | D:2      | Reached skill level 5 in Axes
  2796 | D:3      | 2796 ||| Stepping ~*~*~tactically~*~*~ (stealth).
  2797 | D:3      | 2797 ||| Stepping ~*~*~tactically~*~*~ (stealth).
  3037 | D:3      | 3037 ||| Stepping ~*~*~tactically~*~*~ (hiding).
  3248 | D:3      | 3248 ||| READING scroll labelled UCIXAQ PEVEO.
  3249 | D:3      | 3249 ||| READING scroll labelled XIEBBU LACWI.
  3250 | D:3      | 3250 ||| DRINKING 3 murky pink potions.
  3251 | D:3      | 3251 ||| READING 2 scrolls of identify.
  3251 | D:3      | 3251 ||| IDENTIFYING bubbling clear potion
  3252 | D:3      | 3252 ||| DROPPING potion of ambrosia.
  3265 | D:4      | 3265 ||| STAIRDANCE
  3404 | D:4      | Found a white marble altar of Elyvilon.
  3420 | D:4      | Noticed Menkaure
  3436 | D:4      | Killed Menkaure
  3437 | D:4      | Reached XP level 6. HP: 10/38 MP: 6/6
  3783 | D:4      | Found a staircase to the Ecumenical Temple.
  3784 | D:4      | 3784 ||| PLANNING TEMPLE
  3784 | D:4      | 3784 ||| READING scroll labelled TAIXADESTI.
  3785 | D:4      | 3785 ||| READING scroll labelled MIUKACH GYUDE.
  3792 | Temple   | Entered the Ecumenical Temple
  3988 | Temple   | 3988 ||| PLANNING D:1-11
  4332 | D:4      | 4332 ||| Stepping ~*~*~tactically~*~*~ (stealth).
  4334 | D:4      | 4334 ||| Stepping ~*~*~tactically~*~*~ (stealth).
  4503 | D:4      | Reached XP level 7. HP: 43/43 MP: 7/7
  4870 | D:5      | Entered Level 5 of the Dungeon
  4877 | D:5      | 4877 ||| READING scroll of enchant weapon.
  4877 | D:5      | 4877 ||| ENCHANTING +1 war axe.
  4909 | D:5      | Reached skill level 6 in Axes
  4977 | D:5      | 4977 ||| FLEEEEING.
  4978 | D:5      | 4978 ||| FLEEEEING.
  4981 | D:5      | 4981 ||| FLEEEEING.
  4982 | D:5      | 4982 ||| FLEEEEING.
  4994 | D:5      | 4994 ||| STAIRDANCE
  5184 | D:5      | 5184 ||| Stepping ~*~*~tactically~*~*~ (stealth).
  5190 | D:5      | 5190 ||| Stepping ~*~*~tactically~*~*~ (stealth).
  5253 | D:5      | Reached skill level 7 in Axes
  5297 | D:5      | 5297 ||| Stepping ~*~*~tactically~*~*~ (stealth).
  5298 | D:5      | 5298 ||| Stepping ~*~*~tactically~*~*~ (stealth).
  5300 | D:5      | 5300 ||| Stepping ~*~*~tactically~*~*~ (hiding).
  5301 | D:5      | 5301 ||| Stepping ~*~*~tactically~*~*~ (hiding).
  5303 | D:5      | 5303 ||| Stepping ~*~*~tactically~*~*~ (hiding).
  5310 | D:5      | 5310 ||| Stepping ~*~*~tactically~*~*~ (hiding).
  5489 | D:5      | Noticed a small abomination
  5499 | D:5      | Found a transporter.
  5519 | D:5      | Found a transporter.
  5524 | D:5      | Noticed qw's ghost (amateur GrFi)
  5526 | D:5      | Noticed a small abomination
  5576 | D:5      | Found a one-way gate to the infinite horrors of the Abyss.
  5611 | D:5      | Reached XP level 8. HP: 45/49 MP: 8/8
  5640 | D:5      | 5640 ||| Stepping ~*~*~tactically~*~*~ (stealth).
  5669 | D:5      | Found Enaysk's Jewellery Boutique.
  5787 | D:5      | 5787 ||| UPGRADING to +0 pair of boots.
  5792 | D:5      | 5792 ||| UPGRADING to +0 chain mail.
  5802 | D:5      | 5802 ||| DROPPING +0 scale mail.
  5803 | D:5      | 5803 ||| READING scroll of enchant armour.
  5803 | D:5      | 5803 ||| ENCHANTING +0 pair of boots.
  5804 | D:5      | 5804 ||| UPGRADING to amulet of guardian spirit.
  5809 | D:5      | 5809 ||| READING scroll labelled USKEOF WUNGU.
  5810 | D:5      | 5810 ||| READING scroll labelled QOFELL SETOSS.
  5815 | D:5      | 5815 ||| READING scroll labelled LUMEIXKECE.
  5816 | D:5      | 5816 ||| DRINKING 2 puce potions.
  5839 | D:6      | 5839 ||| PLANNING OSSUARY
  5994 | D:6      | 5994 ||| FLEEEEING.
  5995 | D:6      | 5995 ||| FLEEEEING.
  5996 | D:6      | 5996 ||| FLEEEEING.
  6231 | D:6      | Found a shadowy altar of Dithmenos.
  6250 | D:6      | Reached skill level 8 in Axes
  6497 | D:6      | HP: 10/51 [ogre/+0 giant club (5)]
  6498 | D:6      | 6498 ||| READING 2 scrolls of teleportation.
  6499 | D:6      | 6499 ||| DRINKING potion of heal wounds.
  6501 | D:6      | Reached skill level 6 in Fighting
  6535 | D:6      | 6535 ||| RIP OSSUARY
  6553 | D:6      | 6553 ||| PLANNING D:1-11
  6657 | D:6      | Noticed a manticore
  6668 | D:6      | HP: 9/51 [manticore (4)]
  6669 | D:6      | 6669 ||| READING scroll of teleportation.
  7179 | D:6      | 7179 ||| Stepping ~*~*~tactically~*~*~ (hiding).
  7251 | D:6      | Found a faded altar of an unknown god.
  7251 | D:6      | Found a faded altar of an unknown god.
  7337 | D:6      | Found a hazy altar of Hepliaklqana.
  7364 | D:6      | Reached XP level 9. HP: 55/55 MP: 9/9
  7388 | D:6      | 7388 ||| Stepping ~*~*~tactically~*~*~ (stealth).
  7396 | D:6      | HP: 10/55 [manticore (8)]
  7397 | D:6      | Slain by a manticore

Levels and vault maps discovered:
D:1:      nzn_arrival_crosshair, layout_basic, serial_shops, shop,
          ebering_ecumenical_altar_ruins
D:2:      layout_loops_corners, basic_altar, minmay_misc_feat_tiny
D:3:      layout_basic, minmay_fractal_squares_5
D:4:      layout_layer_cave, lemuel_round_altar, minmay_temple_entry_wispy,
          uniq_menkaure
D:5:      layout_cave_pools, serial_shops, nicolae_take_the_stairs,
          gammafunk_ghost_abyssal_escape
D:6:      layout_loops_corners, nicolae_hepliaklqana_ecumenical_no_more,
          mainiacjoe_overflow_chevrons, nicolae_ossuary_entry_giza
Temple:   minmay_temple_curvy_loop

Skill      XL: |  1  2  3  4  5  6  7  8 |
---------------+-------------------------+-----
Axes           | 2 3 4 5 7 8 |  8.9
Fighting       | 4 5 6 |  6.1
Dodging        | 2 |  2.2
Armour         | 4 |  4.0
Shields        | |  3.2

Action                   |  1- 3 |  4- 6 |  7- 9 || total
-------------------------+-------+-------+-------++-------
Melee: War axe           |    71 |   174 |   187 ||   432
  Use: Scroll            |     2 |     7 |     7 ||    16
       Potion            |       |     2 |     2 ||     4
Armor: Scale mail        |    31 |    81 |    41 ||   153
       Chain mail        |       |       |    89 ||    89
Dodge: Dodged            |    19 |    76 |    73 ||   168
Block: Buckler           |     6 |    22 |    39 ||    67

Table legend:
 A = Non-vault XP
 B = Vault XP
 C = Vault XP percentage of total XP
 D = Non-vault monster count
 E = Vault monster count
 F = Vault count percentage of total count
                 A         B        C        D         E       F
            +---------+---------+-------+---------+---------+-------
      Total |    2227 |     247 |  10.0 |     120 |       9 |   7.0
            +---------+---------+-------+---------+---------+-------
        D:1 |      45 |       0 |   0.0 |      25 |       0 |   0.0
        D:2 |     116 |      60 |  34.1 |      20 |       1 |   4.8
        D:3 |      70 |      14 |  16.7 |      16 |       6 |  27.3
        D:4 |     151 |     172 |  53.3 |      15 |       1 |   6.2
        D:5 |     688 |       0 |   0.0 |      22 |       0 |   0.0
        D:6 |    1157 |       1 |   0.1 |      22 |       1 |   4.3
            +---------+---------+-------+---------+---------+-------
